 Dungeon Crawl Stone Soup version 0.31-a0-233-g139696dc86 (webtiles) character file.

Game seed: 7742085671120280738

81 qw the Shooter (level 4, 0/26 HPs)
             Began as a Gargoyle Hexslinger on July 8, 2023.
             Slain by Sigmund
             ... wielding a +0 scythe
              (4 damage)
             ... on level 2 of the Dungeon.
             The game lasted 00:00:51 (1429 turns).

qw the Shooter (Gargoyle Hexslinger)                Turns: 1429, Time: 00:00:51

Health: 0/26       AC:  7    Str: 12    XL:     4   Next: 42%
Magic:  5/5        EV: 12    Int: 13    God:
Gold:   95         SH:  0    Dex: 14    Spells: 4/5 levels left

rFire   . . .        Y - +1 sling
rCold   . . .        (no shield)
rNeg    + . .        c - +0 robe
rPois   inf          i - +0 helmet
rElec   +            (no cloak)
rCorr   +            d - +0 pair of gloves
SInv    .            (no boots)
Will    .....        (no amulet)
Stlth   +            j - ring of resist corrosion
HPRegen 0.24/turn    (no ring)
MPRegen 0.09/turn

%: no passive effects
@: no status effects
A: sickness immunity, AC +3, negative energy resistance 1, electricity
resistance, torment resistance 1, petrification resistance
a: no special abilities


You were on level 2 of the Dungeon.
You visited 1 branch of the dungeon, and saw 2 of its levels.

You collected 95 gold pieces.


Innate Abilities, Weirdness & Mutations

You are immune to sickness and miasma.
Your stone body is resilient. (AC +3)
You are immune to poison.
You resist negative energy. (rN+)
You are resistant to electric shocks. (rElec)
You are resistant to unholy torment.
You are immune to petrification.


   Skills:
 - Level 2.0 Fighting
 + Level 4.2 Ranged Weapons
 - Level 1.5 Dodging
 - Level 1.0 Spellcasting
 - Level 2.6 Hexes


You had 4 spell levels left.
You knew the following spells:

 Your Spells              Type           Power      Damage    Failure   Level
a - Slow                  Hex            28%        N/A       10%         1

Your spell library contained the following spells:

 Spells                   Type           Power      Damage    Failure   Level
 Inner Flame              Hex/Fire       4%         N/A       43%         3
 Portal Projectile        Hex/Tloc       8%         N/A       43%         3
 Cause Fear               Hex            3%         N/A       67%         4

Inventory:

Hand Weapons
 Y - a +1 sling (weapon)
Armour
 c - a +0 robe (worn)
 d - a +0 pair of gloves (worn)
 i - a +0 helmet (worn)
Jewellery
 j - a ring of resist corrosion (left hand)
Potions
 a - a potion of mutation {unknown}
 b - a potion of magic {unknown}
 e - a potion of lignification {unknown}
 f - a potion of might {unknown}
 g - a potion of enlightenment {unknown}
 h - a potion of berserk rage {unknown}

Dungeon Overview and Level Annotations

Branches:
Dungeon (2/15)

Altars:

Annotations:
D:2 Sigmund


Message History

Enter note:
Enter note:
Enter note:
Enter note:
Enter note:
Enter note:
Enter note:
Enter note:
Enter note:
Enter note:
Enter note:
Enter note:
Enter note:
Enter note:
Enter note:
Enter note: Sigmund barely misses you.
Enter note:
Enter note:
Enter note:
Enter note:
Enter note:
Enter note: Sigmund casts a spell at you.
You are confused.
Sigmund hits you but does no damage.
Sigmund hits you from afar with a +0 scythe.
You feel less confused.
Sigmund hits you from afar with a +0 scythe!
You shoot a sling bullet. The sling bullet hits Sigmund.
Sigmund is heavily wounded.
Sigmund's eyes start glowing with a red light.
Sigmund casts a spell at you. The magic dart hits you.
You shoot a sling bullet.
The sling bullet closely misses Sigmund.
You shoot a sling bullet. The sling bullet hits Sigmund.
Sigmund is severely wounded.
Sigmund hits you from afar with a +0 scythe.
You die...

.##..# ##.......##
..##..# ##.....##
#..##..# ##...##
....##..# ##'## .##..##..
#.# #)##%.##. #.#
.##..##).#####.##
.)..##..##......##
#..##..##.###...@########
..##..##..# #............
.##..###..###.@##########
....##.........#
#..#####.####..# ..## #.#
#..# .## #.####..# .#
#.......# .# #######.#


You could see Sigmund.

Vanquished Creatures
  Robin (D:1)
  3 worms (D:2)
  3 ball pythons
  4 bats
  3 endoplasms
  A giant cockroach (D:2)
  8 goblins
  9 hobgoblins
  5 jackals (D:1)
  6 kobolds
  4 quokkas
  2 frilled lizards
  4 rats
53 creatures vanquished.

Notes
Turn   | Place    | Note
-------+----------+-------------------------------------------
     0 | D:1      | qw the Gargoyle Hexslinger began the quest for the Orb.
     0 | D:1      | Reached XP level 1. HP: 12/12 MP: 2/2
     0 | D:1      | 0 ||| qw: Version: 0.3-a-46-gb1f654a
     0 | D:1      | 0 ||| qw: Game counter: 3500
     0 | D:1      | 0 ||| qw: Melee chars always use a shield: true
     0 | D:1      | 0 ||| qw: God list: Okawaru
     0 | D:1      | 0 ||| qw: Allow faded altars: false
     0 | D:1      | 0 ||| qw: Do Orc after clearing Dungeon:15 true
     0 | D:1      | 0 ||| qw: Do second Lair branch before Depths: true
     0 | D:1      | 0 ||| qw: Lair rune preference: random
     0 | D:1      | 0 ||| qw: Goals: Normal
     0 | D:1      | 0 ||| PLANNING D:1-11
   128 | D:1      | Reached XP level 2. HP: 16/16 MP: 3/3
   244 | D:1      | Reached skill level 3 in Ranged Weapons
   460 | D:1      | Reached XP level 3. HP: 21/21 MP: 4/4
   768 | D:1      | 768 ||| UPGRADING to +0 pair of gloves.
   773 | D:1      | 773 ||| UPGRADING to +0 helmet.
   778 | D:1      | 778 ||| UPGRADING to ring of resist corrosion.
   779 | D:1      | 779 ||| READING 3 scrolls labelled EMMUSU IJUGHOD.
   795 | D:1      | 795 ||| READING scroll labelled WYS HADIC SUADY.
   796 | D:1      | 796 ||| READING scroll labelled MOMNYEGETU.
   797 | D:1      | 797 ||| READING scroll labelled YGIJATHRUKK.
   798 | D:1      | 798 ||| READING scroll labelled TYDYRI BELEASH.
   799 | D:1      | 799 ||| DROPPING 2 scrolls of torment.
   800 | D:1      | 800 ||| DROPPING scroll of poison.
   819 | D:2      | Noticed Robin
   822 | D:2      | 822 ||| STAIRDANCE
   880 | D:2      | 880 ||| STAIRDANCE
   884 | D:1      | Killed Robin
   926 | D:2      | 926 ||| STAIRDANCE
  1120 | D:2      | Reached XP level 4. HP: 25/26 MP: 5/5
  1219 | D:2      | Reached skill level 4 in Ranged Weapons
  1389 | D:2      | Noticed Sigmund
  1422 | D:2      | HP: 5/26 [Sigmund/+0 scythe (7)]
  1427 | D:2      | HP: 3/26 [Sigmund/magic dart (3)]
  1429 | D:2      | Slain by Sigmund

Levels and vault maps discovered:
D:1:      wander_arrival_peaceful_grave, layout_loops_ring, amethyst_killhole
D:2:      minmay_alternating_diamond, layout_loops_corners, uniq_robin,
          uniq_sigmund

Skill      XL: |  1  2  3  4 |
---------------+-------------+-----
Ranged Weapons | 3 4 |  4.2
Fighting       | 2 |  2.0
Dodging        | |  1.5
Spellcasting   | |  1.0
Hexes          | |  2.6

Action                     |  1- 3 |  4- 6 || total
---------------------------+-------+-------++-------
   Fire: Sling             |   141 |    71 ||   212
    Use: Scroll            |     5 |       ||     5
 Armour: Robe              |    21 |     5 ||    26
  Dodge: Dodged            |    57 |    22 ||    79

Table legend:
 A = Non-vault XP
 B = Vault XP
 C = Vault XP percentage of total XP
 D = Non-vault monster count
 E = Vault monster count
 F = Vault count percentage of total count
                 A         B        C        D         E       F
            +---------+---------+-------+---------+---------+-------
      Total |      74 |      43 |  36.8 |      36 |      17 |  32.1
            +---------+---------+-------+---------+---------+-------
        D:1 |      43 |      25 |  36.8 |      24 |       6 |  20.0
        D:2 |      31 |      18 |  36.7 |      12 |      11 |  47.8
            +---------+---------+-------+---------+---------+-------
